 Dungeon Crawl Stone Soup version 0.28-a0-1629-gf728b707aa (webtiles) character file.

Game seed: 8409490341207430058

12624 Shayle the Covert (level 11, -6/89 HPs)
             Began as a Demonspawn Warper on Jan 24, 2022.
             Was an Initiate of Ashenzari.
             Mangled by a cyclops (19 damage)
             ... on level 9 of the Dungeon on Jan 25, 2022.
             The game lasted 01:02:56 (13216 turns).

Shayle the Covert (Demonspawn Warper)              Turns: 13216, Time: 01:02:57

Health: -6/89      AC: 19    Str: 12    XL:     11   Next: 64%
Magic:  15/15      EV: 12    Int: 19    God:    Ashenzari [......]
Gold:   713        SH:  0    Dex: 12    Spells: 4/16 levels left

rFire   . . .      SeeInvis .   m - +4 scimitar (chaos)
rCold   + . .      Faith    .   (no shield)
rNeg    . . .      Spirit   .   i - +2 troll leather armour {Pargi}
rPois   .          Reflect  .   (no helmet)
rElec   .          Harm     .   k - +2 cloak
rCorr   .          Rampage  .   j - +2 pair of gloves "Prison of Ashenzari" {Melee, Bglg} (curse)
Will    .....                   q - +2 pair of boots
Stlth   ++++......              l - amulet of regeneration
HPRegen 1.84/turn               (no ring)
MPRegen 0.14/turn               (no ring)

@: no status effects
A: hooves 1, icy blue scales 3
a: Renounce Religion, Shatter the Chains


You were on level 9 of the Dungeon.
You worshipped Ashenzari.
Ashenzari was noncommittal.
You visited 2 branches of the dungeon, and saw 13 of its levels.

You collected 1039 gold pieces.
You spent 326 gold pieces at shops.

Inventory:

Hand Weapons
 m - a +4 scimitar of chaos (weapon)
 A - a +1 battleaxe of freezing
 I - a +2 flail of protection
 K - a +2 whip of flaming
Missiles
 f - 5 javelins
 h - 30 poisoned darts (quivered)
 n - a boomerang of dispersal
 s - 9 boomerangs
 P - a curare-tipped dart
Armour
 a - a +0 leather armour
 e - a +0 ring mail
 i - a +2 troll leather armour (worn) {Pargi}
 j - the cursed +2 pair of gloves "Prison of Ashenzari" (worn) {Melee, Bglg}
   (You found it on level 2 of the Dungeon)

   It has a curse which improves the following skills: Melee Combat: Short
   Blades, Long Blades, Axes, Maces & Flails, Polearms, Staves and Unarmed
   Combat.
   Beguiling: Conjurations, Hexes and Translocations.
 k - a +2 cloak (worn)
 q - a +2 pair of boots (worn)
 x - the +3 leather armour "Jud Zoni" {Rampage Str+4 Int-5 Dex+5}
   (You found it on level 5 of the Dungeon)

   Str:       It affects your strength (+4).
   Int:       It affects your intelligence (-5).
   Dex:       It affects your dexterity (+5).
   Rampage:   It bestows one free step when moving towards enemies.
 z - the +2 ring mail of Negligence {rPois rC- rN+++ Dex+2}
   (You found it on level 5 of the Dungeon)

   Dex:       It affects your dexterity (+2).
   rC:        It makes you vulnerable to cold.
   rPois:     It protects you from poison.
   rN:        It renders you almost immune to negative energy.
 J - the +1 robe of Impressiveness {rF+}
   (You found it on level 7 of the Dungeon)

   rF:        It protects you from fire.
 L - a +0 buckler
Jewellery
 l - an amulet of regeneration (around neck)
 u - an amulet of the acrobat
Wands
 p - a wand of digging (5)
 G - a wand of iceblast (15)
 O - a wand of flame (9)
Scrolls
 b - 4 scrolls of blinking
 o - 4 scrolls of teleportation
 v - a scroll of immolation
 y - 2 scrolls of noise
 C - a scroll of vulnerability {unknown}
 F - a scroll of magic mapping
 M - a scroll of torment {unknown}
Potions
 c - a potion of haste
 r - a potion of resistance
 t - 2 potions of ambrosia
 w - 2 potions of mutation
 B - a potion of flight {unknown}
 D - 3 potions of cancellation {unknown}
 E - a potion of brilliance {unknown}
 H - a potion of lignification {unknown}
 N - a potion of berserk rage {unknown}


   Skills:
 - Level 9.1 Fighting
 - Level 0.8 Throwing
 - Level 0.8 Armour
 + Level 3.0 Dodging
 - Level 10.1 Stealth
 + Level 2.2 Shields
 - Level 8.3(8.7) Unarmed Combat
 + Level 3.2 Spellcasting
 + Level 2.0(2.3) Conjurations
 - Level 8.3 Necromancy
 - Level 2.6(3.0) Translocations
 + Level 1.9 Air Magic
 + Level 2.1 Poison Magic


You had 4 spell levels left.
You knew the following spells:

 Your Spells              Type           Power      Damage    Failure   Level
a - Blink                 Tloc           28%        N/A       9%          2
b - Teleport Other        Tloc           14%        N/A       16%         3
c - Pain                  Necr           100%       1d9       1%          1
d - Vampiric Draining     Necr           34%        2d8       1%          3
e - Mephitic Cloud        Conj/Pois/Air  11%        N/A       24%         3

Your spell library contained the following spells:

 Spells                   Type           Power      Damage    Failure   Level
 Animate Skeleton         Necr           68%        N/A       1%          1
 Corpse Rot               Necr/Air       44%        N/A       3%          2
 Magic Dart               Conj           48%        1d5       7%          1
 Shock                    Conj/Air       44%        1d5       8%          1
 Poisonous Vapours        Pois/Air       20%        N/A       12%         2
 Gell's Gravitas          Tloc           14%        N/A       16%         3
 Lesser Beckoning         Tloc           14%        N/A       16%         3
 Sandblast                Erth           6%         2d5       19%         1
 Swiftness                Air            10%        N/A       26%         3
 Call Imp                 Summ           3%         N/A       28%         2
 Passwall                 Tmut/Erth      2%         N/A       28%         2
 Stone Arrow              Conj/Erth      14%        3d7       34%         3
 Airstrike                Air            5%         N/A       63%         4
 Manifold Assault         Tloc           14%        N/A       83%         5
 Summon Forest            Summ/Tloc      4%         N/A       95%         5
 Summon Mana Viper        Hex/Summ       3%         N/A       99%         5
 Summon Cactus Giant      Summ           1%         N/A       100%        6


Dungeon Overview and Level Annotations

Branches:
Dungeon (12/15)            Temple (1/1) D:7
   Lair: D:8-11         Orc: D:9-12

Altars:
Ashenzari
Elyvilon
Fedhas
Gozag
Hepliaklqana
Kikubaaqudgha
Makhleb
Nemelex Xobeh
Okawaru
Ru
Sif Muna
Trog
Uskayaw
Vehumet
Wu Jian
Xom
Zin
The Shining One

Shops:
D:5 *

Annotations:
D:11 Erolcha


Innate Abilities, Weirdness & Mutations

You have large cloven feet.
You are completely covered in icy blue scales. (AC +4, rC+)


Message History

Things that are here:
a +0 chain mail; a +0 halberd; 27 stones The cyclops shouts!
The cyclops throws a large rock.
The large rock hits you!! The cyclops hits you!
You hit the cyclops.
You feel better.
The cyclops is lightly wounded.
The cyclops closely misses you.
You hit the cyclops but do no damage.
The cyclops is poisoned.
The cyclops is lightly wounded.
The cyclops hits you!
You hit the cyclops.
The cyclops goes berserk!
The cyclops is lightly wounded.
The cyclops misses you.
You barely miss the cyclops.
The cyclops is lightly wounded.
The cyclops hits you!
You slash the cyclops!
The cyclops looks as sick as possible!
The cyclops is moderately wounded.
The cyclops completely misses you. The cyclops misses you.
Unknown command.
You completely miss the cyclops. Your punch misses the cyclops.
The cyclops is moderately wounded.
The cyclops misses you.
Unknown command.
You hit the cyclops. Lightning courses through the cyclops!
You punch the cyclops.
The cyclops is severely wounded.
The cyclops hits you!! The cyclops hits you.
Unknown command.
You slash the cyclops!
The cyclops easily resists.
The cyclops is almost dead.
The cyclops hits you!!
* * * LOW HITPOINT WARNING * * *
Unknown command.
Okay, then.
You barely miss the cyclops.
The cyclops is almost dead.
The cyclops hits you!!
You die...

#.###.###...######.###.##.#.##.#.
...................#....z...z....
....).........[...........#.##.#.
....#.(.....####..####.##.#.##.#.
..#####.....####..####....#..#.##
..#.......####......####..##.#.##
..#.###.######......####.........
.##.# #.# #..........####.#...##
.##.# #.# #....@.....### .#...
.##.###.##......C......|# #...#
........##..............# #..z##
....##..##..............# #...?z
........##........).....# ##..##
.#......##).............# #....
.#.##...##..............# #.###
.#.##..#####..........#### #.#
........# #......(...####.##.###


You could see a cyclops (berserk, very poisoned).

Vanquished Creatures
  2 centaur warriors (D:9)
  A boulder beetle (D:9)
  2 two-headed ogres
  Pikel (D:9)
  2 kobold demonologists (D:11)
  A troll (D:9)
  Grinder (D:2)
  A wyvern (D:4)
  Sigmund (D:3)
  13 yaks
  2 wraiths
  A shadow (D:10)
  A basilisk (D:9)
  Edmund (D:6)
  Grum (D:7)
  2 water moccasins
  Pargi (D:2)
  8 orc warriors
  A sky beast (D:5)
  A black bear (D:4)
  An ogre (D:6)
  5 necrophages
  2 centaurs (D:9)
  2 wolves
  3 phantoms (D:5)
  3 kobold brigands
  4 bullfrogs
  A gnoll sergeant (D:8)
  4 scorpions
  2 wyvern zombies
  A water moccasin skeleton (D:5)
  A killer bee (D:10)
  3 wights
  An electric eel (D:9)
  5 howler monkeys
  A crimson imp (D:8)
  A centaur zombie (D:5)
  5 hounds
  4 orc priests
  2 gnoll shamans
  4 centaur skeletons
  3 bullfrog skeletons (D:5)
  2 jellies
  A scorpion zombie (D:5)
  5 iguanas
  16 orc wizards
  Natasha (thrice) (D:3)
  4 killer bee zombies
  6 gnolls (D:8)
  5 adders
  2 white imps
  2 ufetubi
  2 adder skeletons
  A worm (D:3)
  4 dart slugs
  27 orcs
  4 bats
  5 endoplasms
  3 giant cockroaches
  6 goblins
  7 hobgoblins
  10 jackals
  6 quokkas
  5 ball pythons
  4 frilled lizards
  15 kobolds
  A rat (D:3)
248 creatures vanquished.

Vanquished Creatures (others)
  2 fungi (D:11)
  18 plants
20 creatures vanquished.

Grand Total: 268 creatures vanquished

Notes
Turn   | Place    | Note
-------+----------+-------------------------------------------
     0 | D:1      | Shayle the Demonspawn Warper began the quest for the Orb.
     0 | D:1      | Reached XP level 1. HP: 16/16 MP: 3/3
    41 | D:1      | Reached skill level 1 in Stealth
    48 | D:1      | Gained mutation: You have large cloven feet. [demonic
                  | ancestry]
    48 | D:1      | Reached XP level 2. HP: 7/22 MP: 5/5
   442 | D:1      | Reached skill level 2 in Stealth
  1158 | D:2      | Reached XP level 3. HP: 22/27 MP: 6/6
  1196 | D:2      | Reached skill level 3 in Stealth
  1734 | D:3      | Gained mutation: You are partially covered in icy blue
                  | scales. (AC +2) [demonic ancestry]
  1734 | D:3      | Reached XP level 4. HP: 33/33 MP: 7/7
  1775 | D:3      | Noticed Natasha
  1782 | D:3      | Noticed Grinder
  2061 | D:3      | Reached skill level 4 in Stealth
  2073 | D:3      | Noticed Pargi
  2097 | D:2      | Killed Pargi
  2098 | D:2      | Reached skill level 5 in Stealth
  2098 | D:2      | Reached XP level 5. HP: 18/38 MP: 8/8
  2547 | D:3      | Noticed Sigmund
  2565 | D:3      | Paralysed by Grinder for 5 turns
  2576 | D:2      | Paralysed by Grinder for 5 turns
  2890 | D:3      | Killed Sigmund
  2891 | D:3      | Reached skill level 6 in Stealth
  2891 | D:3      | Gained mutation: You are mostly covered in icy blue scales.
                  | (AC +3) [demonic ancestry]
  2891 | D:3      | Reached XP level 6. HP: 44/44 MP: 9/9
  3152 | D:3      | Killed Natasha
  3218 | D:3      | Noticed Natasha
  3231 | D:3      | Killed Natasha
  3245 | D:3      | Noticed Natasha
  3254 | D:3      | Killed Natasha
  3255 | D:3      | Reached skill level 7 in Stealth
  3284 | D:4      | Found a blossoming altar of Fedhas.
  3443 | D:4      | Learned a level 2 spell: Blink
  3447 | D:4      | Learned a level 3 spell: Teleport Other
  3536 | D:4      | Found an opulent altar of Gozag.
  3581 | D:4      | Reached XP level 7. HP: 47/50 MP: 10/10
  3877 | D:4      | Reached skill level 8 in Stealth
  4615 | D:5      | Entered Level 5 of the Dungeon
  4620 | D:5      | Noticed a wyvern
  4688 | D:4      | Killed a wyvern
  4689 | D:4      | Reached skill level 9 in Stealth
  4689 | D:4      | Reached XP level 8. HP: 42/56 MP: 5/11
  5112 | D:5      | Reached skill level 10 in Stealth
  5401 | D:5      | Identified the +3 leather armour "Jud Zoni" {Rampage Str+4
                  | Int-5 Dex+5}
  5512 | D:5      | Identified the +2 ring mail of Negligence {rPois rC- rN+++
                  | Dex+2}
  5594 | D:5      | Reached XP level 9. HP: 66/66 MP: 12/12
  5596 | D:5      | Learned a level 1 spell: Pain
  5600 | D:5      | Learned a level 3 spell: Vampiric Draining
  5799 | D:5      | Found Ytoufausk's Assorted Antiques.
  5817 | D:5      | Bought a worn silver wand for 132 gold pieces
  6018 | D:6      | Reached skill level 1 in Necromancy
  6126 | D:5      | Reached skill level 5 in Fighting
  6172 | D:6      | Found a hazy altar of Hepliaklqana.
  6174 | D:6      | Found a faded altar of an unknown god.
  6290 | D:6      | Noticed Edmund
  6747 | D:6      | Reached skill level 5 in Unarmed Combat
  6804 | D:6      | Identified a scroll of acquirement
  6804 | D:6      | Acquired 522 gold pieces
  6864 | D:5      | Bought a viscous amethyst potion for 29 gold pieces
  6864 | D:5      | Bought a lumpy jasper amulet for 165 gold pieces
  6954 | D:6      | Found a sparkling altar of Nemelex Xobeh.
  7105 | D:7      | Found a staircase to the Ecumenical Temple.
  7114 | Temple   | Entered the Ecumenical Temple
  7155 | Temple   | Became a worshipper of Ashenzari the Shackled
  7783 | D:6      | Found a hide-covered altar of Uskayaw.
  7797 | D:6      | Killed Edmund
  8165 | D:7      | Identified the +1 robe of Impressiveness {rF+}
  8832 | D:8      | Reached skill level 5 in Necromancy
  8845 | D:8      | Noticed Grum
  8902 | D:7      | Gained mutation: You are completely covered in icy blue
                  | scales. (AC +4, rC+) [demonic ancestry]
  8902 | D:7      | Reached XP level 10. HP: 77/77 MP: 13/13
  9273 | D:7      | Killed Grum
  9322 | D:8      | Found a burning altar of Makhleb.
  9324 | D:8      | Found a radiant altar of Vehumet.
  9439 | D:8      | Found an iron altar of Okawaru.
  9440 | D:8      | Found an ornate altar of the Wu Jian Council.
  9545 | D:8      | Noticed Pikel
  9580 | D:9      | Killed Pikel
 10045 | D:9      | Noticed a two-headed ogre
 10282 | D:9      | Noticed a centaur warrior
 10282 | D:9      | Noticed a skeletal warrior
 10375 | D:9      | Killed a two-headed ogre
 10430 | D:9      | Killed a centaur warrior
 10431 | D:9      | Reached XP level 11. HP: 75/87 MP: 3/14
 10605 | D:9      | Noticed a centaur warrior
 10630 | D:9      | Killed a centaur warrior
 10654 | D:10     | Entered Level 10 of the Dungeon
 10902 | D:10     | Found a sacrificial altar of Ru.
 10995 | D:10     | Noticed a two-headed ogre
 11341 | D:10     | Killed a two-headed ogre
 11795 | D:10     | Noticed a two-headed ogre
 11806 | D:10     | Learned a level 3 spell: Mephitic Cloud
 11975 | D:2      | Paralysed by Grinder for 7 turns
 11985 | D:2      | Killed Grinder
 11986 | D:2      | Reached skill level 1 in Shields
 12501 | D:8      | Reached skill level 1 in Poison Magic
 12519 | D:9      | Reached skill level 1 in Conjurations
 12564 | D:9      | Reached skill level 1 in Air Magic
 12751 | D:9      | Noticed a boulder beetle
 12763 | D:9      | Killed a boulder beetle
 12878 | D:11     | Noticed Erolcha
 12941 | D:11     | Noticed a sun demon
 13099 | D:12     | Noticed a skeletal warrior
 13099 | D:12     | Noticed a skeletal warrior
 13099 | D:12     | Noticed a skeletal warrior
 13099 | D:12     | Noticed a skeletal warrior
 13099 | D:12     | Noticed a skeletal warrior
 13216 | D:9      | Mangled by a cyclops

Illustrated notes

Levels and vault maps discovered:
D:1:      psy_arrival_heroes, layout_rooms, serial_bayou_pond_e, st_stairs_12,
          minmay_tromino_i4
D:2:      layout_loops_corners, chequers_serial_rivers_micro_b
D:3:      layout_rooms, serial_bayou_lagoon_a, grunt_ministairs_3,
          corexii_leaking_fountain, uniq_sigmund, uniq_grinder, uniq_pargi,
          uniq_natasha
D:4:      layout_layer_cave, pdpol_temple_overflow_zin_treasury_gozag_greed,
          mainiacjoe_overflow_catwalk, minmay_a_box_with_orc_wizards_in_it
D:5:      minmay_bubble_buster, layout_loops_ring, serial_shops,
          nicolae_shop_waterfront
D:6:      layout_basic, nicolae_overflow_hidden_temple,
          nemelex_spade_bored_becter, beargit_hepliaklqana_dungeon_heroes,
          tso_metal_star, uniq_edmund
D:7:      layout_layer_cave, minmay_temple_entry_large_hall
D:8:      layout_rooms, grunt_temple_overflow_lords_of_destruction,
          mainiacjoe_overflow_divided_tiny, hangedman_decor_growths, uniq_pikel,
          uniq_grum
D:9:      minmay_bloctagon, layout_basic, nicolae_elyvilon_temple_path
D:10:     nzn_winding_woodlands_stair_cross [nzn_winding_woodlands_5x15_pockets,
          nzn_winding_woodlands_center_lodge, nzn_winding_woodlands_5x15_cabin,
          nzn_winding_woodlands_5x5_open_star, nzn_winding_woodlands_hourglass,
          nzn_winding_woodlands_5x15_zeroes,
          nzn_winding_woodlands_center_garden,
          nzn_winding_woodlands_5x15_crooked], layout_cave_pools,
          nicolae_ru_great_annihilating_truth, nicolae_twisting_strands,
          nicolae_elevator_lobby_plus
D:11:     layout_loops_cross, david_lair_generic, hiddenorc1_lemuel,
          maelrawn_ghost_gauntlet_escape, uniq_erolcha
D:12:     layout_rooms
Temple:   nicolae_temple_figure_zero

Skill      XL: |  1  2  3  4  5  6  7  8  9 10 11 |
---------------+----------------------------------+-----
Stealth        | 1 2 3 5 6 7 9 10 | 10.1
Unarmed Combat | 4 6 7 8 |  8.3
Fighting       | 4 6 8 9 |  9.1
Necromancy     | 5 7 8 |  8.3
Dodging        | 3 |  3.0
Shields        | 2 |  2.2
Poison Magic   | 2 |  2.1
Conjurations   | 2 |  2.0
Air Magic      | 1 |  1.9
Spellcasting   | 3 |  3.2
Throwing       | |  0.8
Armour         | |  0.8
Translocations | |  2.6

Action                   |  1- 3 |  4- 6 |  7- 9 | 10-12 || total
-------------------------+-------+-------+-------+-------++-------
Melee: Scimitar          |    91 |   142 |   583 |   558 ||  1374
       Kick              |    20 |    43 |       |       ||    63
       Punch             |       |     3 |    16 |    32 ||    51
Throw: Boomerang         |     5 |       |       |       ||     5
       Throwing net      |       |     3 |     2 |       ||     5
       Dart              |       |       |       |    28 ||    28
 Cast: Blink             |       |     3 |       |     2 ||     5
       Teleport Other    |       |       |     2 |       ||     2
       Vampiric Draining |       |       |       |    30 ||    30
       Pain              |       |       |       |     3 ||     3
Invok: Curse Item        |       |       |       |     1 ||     1
Evoke: Wand              |       |       |     7 |     1 ||     8
  Use: Scroll            |     2 |     6 |     7 |     9 ||    24
       Potion            |       |     4 |     1 |     5 ||    10
 Stab: Sleeping          |     6 |     3 |    19 |     1 ||    29
       Held in net/web   |       |     1 |       |       ||     1
       Distracted        |       |       |     2 |       ||     2
       Invisible         |       |       |       |     1 ||     1
Armor: Leather armour    |    50 |    34 |       |       ||    84
       Troll leather arm |       |    90 |   552 |   519 ||  1161
Dodge: Dodged            |    74 |   117 |   443 |   472 ||  1106

Table legend: (Time is in decaauts)
 A = Elapsed time spent in this place.
 B = Non-inter-level travel time spent in this place.
 C = Inter-level travel time spent in this place.
 D = Time resting spent in this place.
 E = Time spent auto-exploring this place.
 F = Levels seen in this place.
 G = Mean time per level.
                   A        B        C        D        E       F      G
               +--------+--------+--------+--------+--------+-----+--------+
         Total |  13888 |  12697 |   1191 |   1860 |   3917 |  13 | 1068.3 |
       Dungeon |  13834 |  12656 |   1178 |   1860 |   3917 |  12 | 1152.8 |
        Temple |     54 |     41 |     13 |      0 |      0 |   1 |   54.0 |
               +--------+--------+--------+--------+--------+-----+--------+

Top non-repeatable levels by time:
     D:5: 1857 daAuts
     D:7: 1833 daAuts
     D:2: 1724 daAuts
     D:4: 1500 daAuts
     D:9: 1479 daAuts
     D:8: 1237 daAuts
    D:10: 1236 daAuts
     D:3: 939 daAuts
     D:6: 909 daAuts
     D:1: 822 daAuts
    D:11: 292 daAuts
  Temple: 54 daAuts
    D:12: 2 daAuts
